 Dungeon Crawl Stone Soup version 0.28.0-53-g5a82cb258f (webtiles) character file.

Game seed: 3726970165625492299

774 Zeld the Skirmisher (level 7, -2/64 HPs)
             Began as a Minotaur Berserker on May 23, 2022.
             Was a Believer of Trog.
             Slain by Pikel
             ... wielding a +1 whip of electrocution
              (7 damage)
             ... on level 5 of the Dungeon.
             The game lasted 00:03:07 (6349 turns).

Zeld the Skirmisher (Minotaur Berserker)            Turns: 6349, Time: 00:03:08

Health: -2/64      AC:  4    Str: 24    XL:     7   Next: 53%
Magic:  6/6        EV: 12    Int:  4    God:    Trog [**....]
Gold:   90         SH:  0    Dex:  9    Spells: 6/6 levels left

rFire   . . .      SeeInvis .   a - +0 hand axe
rCold   . . .      Faith    .   (no shield)
rNeg    . . .      Spirit   .   b - +0 animal skin
rPois   .          Reflect  .   (helmet restricted)
rElec   .          Harm     .   (no cloak)
rCorr   .          Rampage  .   j - +0 pair of gloves
Will    .....                   l - +0 pair of boots
Stlth   +.........              (no amulet)
HPRegen 0.20/turn               (no ring)
MPRegen 0.10/turn               (no ring)

@: no status effects
A: horns 2, retaliatory headbutt
a: Renounce Religion, Berserk, Trog's Hand


You were on level 5 of the Dungeon.
You worshipped Trog.
Trog was pleased with you.
You visited 2 branches of the dungeon, and saw 6 of its levels.

You collected 90 gold pieces.

Inventory:

Hand Weapons
 a - a +0 hand axe (weapon)
Armour
 b - a +0 animal skin (worn)
 j - a +0 pair of gloves (worn)
 l - a +0 pair of boots (worn)
Scrolls
 e - 2 scrolls of torment {unknown}
 g - a scroll of identify {unknown}
 h - 4 scrolls of teleportation {unknown}
 k - a scroll of brand weapon {unknown}
 o - a scroll of enchant weapon {unknown}
 p - a scroll of noise {unknown}
 r - a scroll of vulnerability {unknown}
Potions
 c - 5 potions of heal wounds {unknown}
 d - a potion of berserk rage {unknown}
 f - 3 potions of curing {unknown}
 i - a potion of flight {unknown}
 m - a potion of attraction {unknown}
 n - a potion of haste {unknown}
 q - 2 potions of magic {unknown}


   Skills:
 * Level 6.9 Fighting
 * Level 6.9 Axes
 + Level 4.6 Armour
 + Level 4.2 Dodging


You had 6 spell levels left.
You didn't know any spells.
Your spell library was empty.

Dungeon Overview and Level Annotations

Branches:
Dungeon (5/15)             Temple (1/1) D:5

Altars:
Ashenzari
Cheibriados
Dithmenos
Elyvilon
Hepliaklqana
Makhleb
Okawaru
Sif Muna
Trog
Uskayaw
Wu Jian
Xom
Yredelemnul
Zin

Annotations:
D:5 Pikel


Innate Abilities, Weirdness & Mutations

You have a pair of horns on your head.
You reflexively headbutt those who attack you in melee.


Message History

The lemure hits you!
You hit the lemure. Your headbutt misses the lemure.
The lemure is severely wounded.
You hit the lemure.
The lemure is almost dead.
You hit Pikel but do no damage. The lemure closely misses you.
You furiously retaliate!
You headbutt the lemure.
Pikel hits you with a +1 whip of electrocution!
You hit the lemure.
You kill the lemure!
That felt strangely unrewarding.
You hit Pikel. Pikel closely misses you. You furiously retaliate!
You headbutt Pikel. You hit Pikel.
Pikel is lightly wounded.
Pikel completely misses you.
You hit Pikel but do no damage.
Pikel is lightly wounded.
Pikel hits you with a +1 whip of electrocution.
You barely miss Pikel.
Pikel is lightly wounded.
Pikel hits you with a +1 whip of electrocution.
You hit Pikel but do no damage.
Pikel is lightly wounded.
Pikel hits you with a +1 whip of electrocution!
Unknown command.
You closely miss Pikel.
Pikel is lightly wounded.
Pikel closely misses you.
Unknown command.
You barely miss Pikel. Your headbutt misses Pikel.
Pikel is lightly wounded.
Unknown command.
Pikel says, "You'll make a fine lemure."
Pikel hits you with a +1 whip of electrocution!
* * * LOW HITPOINT WARNING * * *
You are electrocuted!
* * * LOW HITPOINT WARNING * * *
Pikel waves his whip at you.
Pikel hits you with a +1 whip of electrocution!
You die...

#..........##†#......#
#..........##.#.....##
#..........##.###...#
#..........#..# ##..#
#.........##..# #.##
#........###..# #.#
#............####[###
##...........#...))..
##.@#######.#....)..
#.K# ..#...>... #5##
..#....... #5.#
##..(.... #.5.
######## ##.. #.. ....
#.. .... ### #....


You could see Pikel and 3 lemures.

Vanquished Creatures
  Edmund (D:4)
  A black bear (D:5)
  2 ogres (D:4)
  A lemure (D:5)
  A scorpion (D:5)
  A hound (D:4)
  A gnoll shaman (D:5)
  Jessica (D:2)
  Ijyb (D:3)
  Natasha (thrice) (D:2)
  3 gnolls (D:5)
  4 adders
  An adder zombie (D:5)
  An adder skeleton (D:4)
  4 worms
  3 dart slugs
  An orc (D:3)
  6 endoplasms
  4 giant cockroaches
  8 goblins
  3 hobgoblins
  4 jackals (D:3)
  7 quokkas
  9 ball pythons
  A bat (D:3)
  3 frilled lizards
  2 kobolds (D:2)
  8 rats
85 creatures vanquished.

Notes
Turn   | Place    | Note
-------+----------+-------------------------------------------
     0 | D:1      | Zeld the Minotaur Berserker began the quest for the Orb.
     0 | D:1      | Reached XP level 1. HP: 19/19 MP: 0/0
   295 | D:1      | Reached XP level 2. HP: 27/27 MP: 1/1
   865 | D:1      | Found a faded altar of an unknown god.
   906 | D:1      | Reached ** piety under Trog
  1020 | D:1      | Reached XP level 3. HP: 33/33 MP: 2/2
  1173 | D:2      | Noticed Jessica
  1176 | D:2      | Killed Jessica
  1663 | D:2      | Noticed Natasha
  1674 | D:2      | Killed Natasha
  1675 | D:2      | Reached XP level 4. HP: 10/41 MP: 3/3
  2402 | D:2      | Noticed Natasha
  2414 | D:2      | Killed Natasha
  2862 | D:2      | Noticed Natasha
  2871 | D:2      | Killed Natasha
  2872 | D:2      | Reached skill level 5 in Fighting
  3145 | D:3      | Reached XP level 5. HP: 32/48 MP: 4/4
  3277 | D:3      | Found a shimmering altar of Xom.
  3430 | D:3      | Reached skill level 5 in Axes
  3483 | D:3      | Found a white marble altar of Elyvilon.
  3982 | D:4      | Noticed Ijyb
  3992 | D:4      | Noticed an ogre
  3998 | D:4      | Killed an ogre
  3999 | D:4      | Reached XP level 6. HP: 35/56 MP: 5/5
  4000 | D:4      | Noticed Edmund
  4013 | D:3      | Killed Ijyb
  4393 | D:4      | Found a glowing silver altar of Zin.
  4578 | D:4      | Killed Edmund
  4794 | D:4      | Found a hide-covered altar of Uskayaw.
  4846 | D:4      | Reached XP level 7. HP: 57/64 MP: 6/6
  4970 | D:4      | Found a snail-covered altar of Cheibriados.
  5197 | D:5      | Entered Level 5 of the Dungeon
  5265 | D:5      | Found a staircase to the Ecumenical Temple.
  5294 | Temple   | Entered the Ecumenical Temple
  6334 | D:5      | Noticed Pikel
  6349 | D:5      | Slain by Pikel

Illustrated notes

Levels and vault maps discovered:
D:1:      onia_arrival_handbag, layout_basic, basic_ecumenical_altar,
          minmay_misc_feat_enclosed, minmay_fountain_box,
          minmay_misc_feat_pillars, minmay_misc_feat_secret_circle
D:2:      layout_basic, uniq_natasha, uniq_jessica
D:3:      layout_basic, overflow_temple_1_default, old_standard_altar
D:4:      layout_basic, kennysheep_slug_shrine, nicolae_uskayaw_suspiria,
          kennysheep_mini_moat, nicolae_elevator_lobby_plus, uniq_ijyb,
          uniq_edmund
D:5:      layout_cave_pods, temple_green, eino_tiny_chamber, uniq_pikel
Temple:   compressed_dpeg_triangle_lava_temple

Skill      XL: |  1  2  3  4  5  6  7 |
---------------+----------------------+-----
Fighting       | 4 5 6 |  6.9
Axes           | 4 5 6 |  6.9
Armour         | 3 4 |  4.6
Dodging        | 3 4 |  4.2

Action                   |  1- 3 |  4- 6 |  7- 9 || total
-------------------------+-------+-------+-------++-------
Melee: Hand axe          |    65 |   131 |    46 ||   242
       Headbutt          |     7 |    24 |    10 ||    41
       Punch             |     1 |     4 |       ||     5
Invok: Berserk           |       |     1 |       ||     1
 Stab: Sleeping          |     1 |       |       ||     1
Armor: Animal skin       |     8 |    32 |    10 ||    50
Dodge: Dodged            |    39 |    85 |    41 ||   165
